NCAA
KANSAS JAYHAWKS @ NORTH CAROLINA STATE WOLFPACK
05/23/2024
 
TOP OF THE 1ST
Kansas Jayhawks batting - Pitching for North Carolina State Wolfpack : RHP Leonard Christensen
Pitching: RHP Leonard Christensen
Batting: SHB Rudy Ryan 0-0: Ball
1-0: Ball
2-0: Fly out, F8 (Line Drive, 8RM)
Batting: RHB Domingo Hernández 0-0: Foul Ball, location: 2F
0-1: Foul Ball, location: 2F
0-2: Strikes out swinging
Batting: LHB Greg Nelson 0-0: Called Strike
0-1: Ball
1-1: SINGLE (Groundball, 23) (infield hit)
Batting: LHB Robert Moore 0-0: Ball
1-0: Ball
2-0: Swinging Strike
2-1: Foul Ball, location: 2F
2-2: Ball
3-2: Ground out 4-3 (Groundball, 4M)
Top of the 1st over - 0 run(s), 1 hit(s), 0 error(s), 1 left on base; Kansas 0 - North Carolina State 0
BOTTOM OF THE 1ST
North Carolina State Wolfpack batting - Pitching for Kansas Jayhawks : RHP Gerard Gustafson
Pitching: RHP Gerard Gustafson
Batting: RHB Rafael Rosário 0-0: Hit by Pitch
Batting: RHB Richard Heath 0-0: Called Strike
0-1: Ball
1-1: Fly out, F9 (Flyball, 9LS)
Batting: RHB Javier Morales 0-0: Ball
1-0: Foul Ball, location: 2F
1-1: Swinging Strike
1-2: Ball
2-2: Ball
3-2: Strikes out swinging
Rafael Rosário steals 2nd base
Batter strikes out.
Batting: LHB Danny Bane 0-0: Ball
1-0: Called Strike
1-1: Swinging Strike
1-2: Strikes out swinging
Bottom of the 1st over - 0 run(s), 0 hit(s), 0 error(s), 1 left on base; Kansas 0 - North Carolina State 0
TOP OF THE 2ND
Kansas Jayhawks batting - Pitching for North Carolina State Wolfpack : RHP Leonard Christensen
Batting: LHB Juan Mendoza 0-0: Called Strike
0-1: Swinging Strike
0-2: Ball
1-2: Foul Ball, location: 2F
1-2: Strikes out swinging
Batting: RHB Ken Longoria 0-0: Ground out 4-3 (Groundball, 4M)
Batting: RHB David Milligan 0-0: Ball
1-0: Called Strike
1-1: Ball
2-1: Swinging Strike
2-2: Strikes out swinging
Top of the 2nd over - 0 run(s), 0 hit(s), 0 error(s), 0 left on base; Kansas 0 - North Carolina State 0
BOTTOM OF THE 2ND
North Carolina State Wolfpack batting - Pitching for Kansas Jayhawks : RHP Gerard Gustafson
Batting: RHB Donald Hoover 0-0: Called Strike
0-1: Called Strike
0-2: Ball
1-2: Strikes out swinging
Batting: LHB Frank Jackson 0-0: Called Strike
0-1: Ball
1-1: Ball
2-1: Ball
3-1: Base on Balls
Batting: SHB Dawson Fowler 0-0: Ball
1-0: Fly out, F6 (Popup, 6MD)
Batting: RHB Dennis Mays 0-0: Ball
1-0: Ball
2-0: SINGLE (Groundball, 25) (infield hit)
Frank Jackson to second
Batting: RHB David Vélez 0-0: Called Strike
0-1: Called Strike
0-2: Ball
1-2: Strikes out swinging
Bottom of the 2nd over - 0 run(s), 1 hit(s), 0 error(s), 2 left on base; Kansas 0 - North Carolina State 0
TOP OF THE 3RD
Kansas Jayhawks batting - Pitching for North Carolina State Wolfpack : RHP Leonard Christensen
Batting: RHB Henry Morris 0-0: Called Strike
0-1: Foul Ball, location: 2F
0-2: Foul Ball, location: 2F
0-2: Strikes out looking
Batting: LHB John Christopher 0-0: Fly out, F8 (Flyball, 8LM)
Batting: SHB Rudy Ryan 0-0: Ground out U3 (Groundball, 3L)
Top of the 3rd over - 0 run(s), 0 hit(s), 0 error(s), 0 left on base; Kansas 0 - North Carolina State 0
BOTTOM OF THE 3RD
North Carolina State Wolfpack batting - Pitching for Kansas Jayhawks : RHP Gerard Gustafson
Batting: RHB Rafael Rosário 0-0: Foul Ball, location: 2F
0-1: Foul Ball, location: 2F
0-2: Ball
1-2: Ball
2-2: Ball
3-2: Strikes out swinging
Batting: RHB Richard Heath 0-0: Foul Ball, location: 2F
0-1: Foul Ball, location: 2F
0-2: Foul Ball, location: 2F
0-2: Strikes out swinging
Batting: RHB Javier Morales 0-0: Ball
1-0: Ball
2-0: Ball
3-0: Called Strike
3-1: Swinging Strike
3-2: Strikes out swinging
Bottom of the 3rd over - 0 run(s), 0 hit(s), 0 error(s), 0 left on base; Kansas 0 - North Carolina State 0
TOP OF THE 4TH
Kansas Jayhawks batting - Pitching for North Carolina State Wolfpack : RHP Leonard Christensen
Batting: RHB Domingo Hernández 0-0: Ball
1-0: Ball
2-0: SINGLE (Groundball, 6MD) (infield hit)
Batting: LHB Greg Nelson 0-0: Ball
1-0: Ball
2-0: Called Strike
2-1: DOUBLE (Groundball, 3L)
Domingo Hernández to third
Batting: LHB Robert Moore 0-0: Called Strike
0-1: SINGLE (Flyball, 6MD)
Domingo Hernández scores
Greg Nelson to third
Runner from 3rd tries for Home, SAFE, no throw or cutoff
Batting: LHB Juan Mendoza 0-0: Called Strike
0-1: Foul Ball, location: 2F
0-2: Strikes out swinging
Batting: RHB Ken Longoria 0-0: Ball
1-0: Ball
2-0: Ball
3-0: Base on Balls
Robert Moore to second
Batting: RHB David Milligan 0-0: Called Strike
0-1: Ball
1-1: Foul Ball, location: 2F
1-2: Ball
2-2: Fly out, F3 (Popup, 23)
Batting: RHB Henry Morris 0-0: Fly out, F8 (Flyball, 89M)
Top of the 4th over - 2 run(s), 3 hit(s), 0 error(s), 2 left on base; Kansas 2 - North Carolina State 0
BOTTOM OF THE 4TH
North Carolina State Wolfpack batting - Pitching for Kansas Jayhawks : RHP Gerard Gustafson
Batting: LHB Danny Bane 0-0: Called Strike
0-1: Ball
1-1: Called Strike
1-2: Fly out, F8 (Flyball, 8LS)
Batting: RHB Donald Hoover 0-0: Fly out, F7 (Flyball, 7M)
Batting: LHB Frank Jackson 0-0: Ball
1-0: Ball
2-0: Foul Ball, location: 2F
2-1: Foul Ball, location: 2F
2-2: Strikes out swinging
Bottom of the 4th over - 0 run(s), 0 hit(s), 0 error(s), 0 left on base; Kansas 2 - North Carolina State 0
TOP OF THE 5TH
Kansas Jayhawks batting - Pitching for North Carolina State Wolfpack : RHP Leonard Christensen
Batting: LHB John Christopher 0-0: Swinging Strike
0-1: Ball
1-1: Called Strike
1-2: Ball
2-2: Ball
3-2: SINGLE (Groundball, 25) (infield hit)
Batting: SHB Rudy Ryan 0-0: Called Strike
0-1: Called Strike
0-2: Grounds into double play, 6-4-3 (Groundball, 6)
Batting: RHB Domingo Hernández 0-0: Ball
1-0: Called Strike
1-1: Called Strike
1-2: Foul Ball, location: 2F
1-2: Ball
2-2: Ball
3-2: SOLO HOME RUN (Flyball, 7D), Distance : 343 ft
Batting: LHB Greg Nelson 0-0: Ball
1-0: Foul Ball, location: 2F
1-1: Ball
2-1: Foul Ball, location: 2F
2-2: Foul Ball, location: 2F
2-2: SINGLE (Groundball, 6MD)
Batting: LHB Robert Moore 0-0: Foul Ball, location: 2F
0-1: Foul Ball, location: 2F
0-2: Ball
1-2: Foul Ball, location: 2F
1-2: Ball
2-2: Ball
3-2: 2-RUN HOME RUN (Flyball, 9D), Distance : 353 ft
Batting: LHB Juan Mendoza 0-0: Ball
1-0: Ball
2-0: Fly out, F8 (Flyball, 8LM)
Top of the 5th over - 3 run(s), 4 hit(s), 0 error(s), 0 left on base; Kansas 5 - North Carolina State 0
BOTTOM OF THE 5TH
North Carolina State Wolfpack batting - Pitching for Kansas Jayhawks : RHP Gerard Gustafson
Batting: SHB Dawson Fowler 0-0: Ball
1-0: Ball
2-0: Ball
3-0: Called Strike
3-1: Foul Ball, location: 2F
3-2: Fly out, F7 (Line Drive, 7M)
Batting: RHB Dennis Mays 0-0: Called Strike
0-1: Foul Ball, location: 2F
0-2: Ball
1-2: Strikes out swinging
Batting: RHB David Vélez 0-0: Ball
1-0: Fly out, F8 (Flyball, 8RM)
Bottom of the 5th over - 0 run(s), 0 hit(s), 0 error(s), 0 left on base; Kansas 5 - North Carolina State 0
TOP OF THE 6TH
Kansas Jayhawks batting - Pitching for North Carolina State Wolfpack : RHP Leonard Christensen
Pitching: LHP Mark Brown
Batting: RHB Ken Longoria 0-0: Foul Ball, location: 2F
0-1: Swinging Strike
0-2: Ball
1-2: Ball
2-2: SINGLE (Groundball, 4M)
Batting: RHB David Milligan 0-0: Ball
1-0: Foul Ball, location: 2F
1-1: Fly out, F8 (Flyball, 8RM)
Batting: RHB Henry Morris 0-0: Swinging Strike
0-1: Ball
1-1: Ball
2-1: Ball
3-1: SINGLE (Flyball, 89M)
Ken Longoria to second
Batting: LHB John Christopher 0-0: Called Strike
0-1: Called Strike
0-2: Fielders Choice at 2nd, 4-6 (Groundball, 4)
Ken Longoria to third
Batting: SHB Rudy Ryan 0-0: Ball
1-0: Called Strike
1-1: Ball
2-1: SINGLE (Line Drive, 56)
Ken Longoria scores
John Christopher to second
Batting: RHB Domingo Hernández 0-0: Called Strike
0-1: Ball
1-1: Called Strike
1-2: 3-RUN HOME RUN (Flyball, 7D), Distance : 364 ft
Batting: LHB Greg Nelson 0-0: Called Strike
0-1: SINGLE (Line Drive, 7LS)
Pitching: RHP Brit Torres
Batting: LHB Robert Moore 0-0: Ball
1-0: Called Strike
1-1: Ball
2-1: 2-RUN HOME RUN (Flyball, 8LXD), Distance : 404 ft
Batting: LHB Juan Mendoza 0-0: Ball
1-0: Called Strike
1-1: Foul Ball, location: 2F
1-2: Ball
2-2: Ball
3-2: Base on Balls
Batting: RHB Ken Longoria 0-0: Ball
1-0: Ball
2-0: 2-RUN HOME RUN (Flyball, 8LXD), Distance : 382 ft
Pitching: RHP Les Madrid
Batting: RHB David Milligan 0-0: Ball
1-0: Swinging Strike
1-1: Reached on error, E5 (Groundball, 56)
Batting: RHB Henry Morris 0-0: Called Strike
0-1: Ball
1-1: SINGLE (Groundball, 34D)
David Milligan to second
Runner from 2nd tries for 3rd, SAFE, throw made to third
Batting: LHB John Christopher 0-0: Ball
1-0: Ball
2-0: Swinging Strike
2-1: Swinging Strike
2-2: Strikes out looking
Top of the 6th over - 8 run(s), 8 hit(s), 1 error(s), 2 left on base; Kansas 13 - North Carolina State 0
BOTTOM OF THE 6TH
North Carolina State Wolfpack batting - Pitching for Kansas Jayhawks : RHP Gerard Gustafson
Batting: RHB Rafael Rosário 0-0: Ball
1-0: Ball
2-0: Called Strike
2-1: SINGLE (Line Drive, 89S)
Batting: RHB Richard Heath 0-0: SINGLE (Line Drive, 56)
Rafael Rosário to second
Batting: RHB Javier Morales 0-0: Called Strike
Throwing error on steal attempt, E2
Rafael Rosário scores
Richard Heath to third
0-1: Called Strike
0-2: SINGLE (Groundball, 6MD)
Richard Heath scores
Batting: LHB Danny Bane 0-0: Foul Ball, location: 2F
0-1: Foul Ball, location: 2F
0-2: Ball
1-2: Foul Ball, location: 2F
1-2: Foul Ball, location: 2F
1-2: Ball
2-2: Ball
3-2: Foul Ball, location: 2F
3-2: Base on Balls
Javier Morales to second
Pitching: LHP Zack González
Batting: RHB Donald Hoover 0-0: Called Strike
0-1: Foul Ball, location: 2F
0-2: Strikes out swinging
Batting: LHB Frank Jackson 0-0: Ball
1-0: Swinging Strike
1-1: 3-RUN HOME RUN (Flyball, 89XD), Distance : 370 ft
Batting: SHB Dawson Fowler 0-0: Ball
1-0: Ball
2-0: Ball
3-0: Base on Balls
Batting: RHB Dennis Mays 0-0: Ball
1-0: SINGLE (Flyball, 89S)
Dawson Fowler to second
Batting: RHB David Vélez 0-0: Ball
1-0: SINGLE (Line Drive, 7S)
Dawson Fowler to third
Dennis Mays to second
Batting: RHB Rafael Rosário 0-0: Ball
1-0: Foul Ball, location: 2F
1-1: Grounds into double play, U4-3 (Groundball, 4)
Bottom of the 6th over - 5 run(s), 6 hit(s), 1 error(s), 2 left on base; Kansas 13 - North Carolina State 5
TOP OF THE 7TH
Kansas Jayhawks batting - Pitching for North Carolina State Wolfpack : RHP Les Madrid
Batting: SHB Rudy Ryan 0-0: Called Strike
0-1: Swinging Strike
0-2: Foul Ball, location: 2F
0-2: Foul Ball, location: 2F
0-2: Strikes out swinging
Batting: RHB Domingo Hernández 0-0: Ball
1-0: Ball
2-0: Foul Ball, location: 2F
2-1: Ball
3-1: Base on Balls
Batting: LHB Greg Nelson 0-0: Ball
1-0: Swinging Strike
1-1: Ball
2-1: Ball
3-1: Base on Balls
Domingo Hernández to second
Batting: LHB Robert Moore 0-0: Foul Ball, location: 2F
0-1: Called Strike
0-2: Foul Ball, location: 2F
0-2: Ball
1-2: Foul Ball, location: 2F
1-2: Ball
2-2: Ball
3-2: Base on Balls
Domingo Hernández to third
Greg Nelson to second
Batting: LHB Juan Mendoza 0-0: Ball
1-0: Ball
2-0: Fly out, F6 (Popup, 56D)
Batting: RHB Ken Longoria 0-0: Called Strike
0-1: SINGLE (Groundball, 6MD)
Domingo Hernández scores
Greg Nelson to third
Robert Moore to second
Runner from 3rd tries for Home, SAFE, no throw or cutoff
Pitching: RHP Alan Mayes
Batting: RHB David Milligan 0-0: Called Strike
0-1: Ball
1-1: Foul Ball, location: 2F
1-2: 3-RUN HOME RUN (Flyball, 7D), Distance : 370 ft
Batting: RHB Henry Morris 0-0: Swinging Strike
0-1: Ball
1-1: Ball
2-1: Called Strike
2-2: Ball
3-2: Strikes out looking
Top of the 7th over - 5 run(s), 2 hit(s), 0 error(s), 0 left on base; Kansas 18 - North Carolina State 5
BOTTOM OF THE 7TH
North Carolina State Wolfpack batting - Pitching for Kansas Jayhawks : LHP Zack González
Now at SS: Nicholas Harris
Batting: RHB Richard Heath 0-0: Ball
1-0: Ball
2-0: Called Strike
2-1: Ball
3-1: Foul Ball, location: 2F
3-2: Base on Balls
Batting: RHB Javier Morales 0-0: Ball
1-0: Ball
2-0: Ball
3-0: Foul Ball, location: 2F
3-1: Base on Balls
Richard Heath to second
Pinch Hitting: RHB Scott Lee 0-0: Fly out, F9 (Flyball, 89M)
Batting: RHB Donald Hoover 0-0: Grounds out, U3 (Groundball, 3L)
Richard Heath to third
Batting: LHB Frank Jackson 0-0: SINGLE (Line Drive, 9S)
Richard Heath scores
Javier Morales to third
Batting: SHB Dawson Fowler 0-0: Ball
1-0: Swinging Strike
1-1: Called Strike
1-2: Strikes out swinging
Bottom of the 7th over - 1 run(s), 1 hit(s), 0 error(s), 2 left on base; Kansas 18 - North Carolina State 6
TOP OF THE 8TH
Kansas Jayhawks batting - Pitching for North Carolina State Wolfpack : RHP Alan Mayes
Now at 3B: Bryan Lambert
Batting: LHB John Christopher 0-0: Called Strike
0-1: Ball
1-1: Foul Ball, location: 2F
1-2: Strikes out swinging
Batting: SHB Rudy Ryan 0-0: Called Strike
0-1: Fly out, F9 (Flyball, 9M)
Batting: RHB Domingo Hernández 0-0: Ball
1-0: Ball
2-0: Ball
3-0: Called Strike
3-1: Base on Balls
Batting: LHB Greg Nelson Pickoff Throw to First - Out!
Top of the 8th over - 0 run(s), 0 hit(s), 0 error(s), 0 left on base; Kansas 18 - North Carolina State 6
BOTTOM OF THE 8TH
North Carolina State Wolfpack batting - Pitching for Kansas Jayhawks : LHP Zack González
Pitching: LHP Tom Duke
Now in CF: Kyle Baylor
Batting: RHB Dennis Mays 0-0: Foul Ball, location: 2F
0-1: Ball
1-1: Ball
2-1: Ball
3-1: Base on Balls
Batting: RHB David Vélez 0-0: Reached on error, E6 (Groundball, 6)
Dennis Mays to second
Batting: RHB Rafael Rosário 0-0: Ground out 4-3 (Groundball, 4M)
Dennis Mays to third
David Vélez to second
Batting: RHB Richard Heath 0-0: Ball
1-0: Fly out, F4 (Popup, 3DF)
Batting: RHB Javier Morales 0-0: Ball
1-0: Called Strike
1-1: Called Strike
1-2: Strikes out swinging
Bottom of the 8th over - 0 run(s), 0 hit(s), 1 error(s), 2 left on base; Kansas 18 - North Carolina State 6
TOP OF THE 9TH
Kansas Jayhawks batting - Pitching for North Carolina State Wolfpack : RHP Alan Mayes
Pitching: RHP Jack Ellison
Batting: LHB Greg Nelson 0-0: Ball
1-0: Ball
2-0: Ball
3-0: Base on Balls
Batting: LHB Robert Moore 0-0: Ball
1-0: Foul Ball, location: 2F
1-1: Ball
2-1: Called Strike
2-2: Ball
3-2: Base on Balls
Greg Nelson to second
Batting: LHB Juan Mendoza 0-0: Ball
1-0: Called Strike
1-1: Ball
2-1: Ball
3-1: Foul Ball, location: 2F
3-2: Grounds into double play, 4-6-3 (Groundball, 4)
Greg Nelson to third
Batting: RHB Ken Longoria 0-0: Called Strike
0-1: Ball
1-1: Ball
2-1: 2-RUN HOME RUN (Line Drive, 7D), Distance : 361 ft
Batting: RHB David Milligan 0-0: Foul Ball, location: 2F
0-1: Ball
1-1: Foul Ball, location: 2F
1-2: Strikes out swinging
Top of the 9th over - 2 run(s), 1 hit(s), 0 error(s), 0 left on base; Kansas 20 - North Carolina State 6
BOTTOM OF THE 9TH
North Carolina State Wolfpack batting - Pitching for Kansas Jayhawks : LHP Tom Duke
Batting: RHB Bryan Lambert 0-0: Ball
1-0: Ball
2-0: Swinging Strike
2-1: Called Strike
2-2: Strikes out looking
Batting: RHB Donald Hoover 0-0: Called Strike
0-1: Foul Ball, location: 2F
0-2: Ball
1-2: Ball
2-2: Strikes out swinging
Batting: LHB Frank Jackson 0-0: Called Strike
0-1: Ball
1-1: Ball
2-1: Ball
3-1: Base on Balls
Batting: SHB Dawson Fowler 0-0: Fly out, F8 (Flyball, 8RD)
Bottom of the 9th over - 0 run(s), 0 hit(s), 0 error(s), 1 left on base; Kansas 20 - North Carolina State 6
This league is powered by Out of the Park Baseball, the baseball management simulation game for PC, Mac and Linux
Saturday, April 9th, 2016 - OOTP Baseball 16.8 Build 38